Map: Galactic Process LE

Players

Fropez - Winner!

  • Race: Protoss Protoss
  • League: Gold
  • Spawn Location: 1:00

Boylan

  • Race: Terran Terran
  • League: Gold
  • Spawn Location: 7:00

VOD

Have the link to the VOD?

Description

Time

  • Played on: Oct. 10, 2016, 10:58 a.m.
  • Length: 37:05
Show
View Real Time Build Order
Export as new Build Order

Fropez Protoss - Winner!

Build Orders:  

Get SALT Encoding   

  12  0:05  Probe (Chrono Boost)  
  13  0:14  Pylon  
  13  0:17  Probe (Chrono Boost)  
  14  0:42  Gateway  
  14  0:43  Probe (Chrono Boost)  
  14  0:45  Assimilator  
  15  0:53  Probe (Chrono Boost)  
  17  1:04  Probe (Chrono Boost)  
  17  1:05  Pylon  
  17  1:15  Probe (Chrono Boost)  
  18  1:31  Probe (Chrono Boost)  
  18  1:32  Cybernetics Core  
  19  1:34  Gateway  
  19  1:42  Probe (Chrono Boost)  
  20  1:58  Probe (Chrono Boost), Assimilator  
  22  2:13  Warp Gate (Chrono Boost)  
  22  2:15  Mothership Core (Chrono Boost)  
  23  2:18  Pylon  
  23  2:27  Adept (Chrono Boost)  
  25  2:35  Adept (Chrono Boost), Probe  
  28  2:40  Pylon  
  28  2:47  Probe  
  29  2:52  Adept (Chrono Boost)  
  31  2:59  Probe  
  32  3:11  Probe  
  32  3:15  Adept (Chrono Boost)  
  34  3:23  Probe  
  33  3:35  Probe  
  33  3:39  Adept (Chrono Boost)  
  36  3:44  Nexus  
  36  3:48  Probe  
  37  4:07  Pylon, Probe  
  37  4:09  Pylon  
  38  4:14  Pylon  
  38  4:19  Probe  
  39  4:31  Probe  
  40  4:33  Gateway  
  40  4:35  Stalker  
  40  4:36  Stalker  
  44  4:58  Probe  
  45  5:02  Probe  
  45  5:03  Pylon  
  45  5:06  Gateway  
  46  5:11  Probe  
  46  5:13  Assimilator  
  47  5:15  Assimilator  
  45  5:31  Probe  
  45  5:35  Probe  
  45  6:00  Stalker  
  45  6:02  Stalker  
  45  6:03  Stalker  
  51  6:06  Robotics Facility  
  49  6:14  Gateway  
  49  6:18  Pylon  
  49  6:21  Pylon  
  49  6:22  Probe  
  50  6:27  Twilight Council  
  50  6:28  Pylon  
  50  6:31  Probe  
  51  6:50  Forge  
  51  6:52  Probe  
  52  6:54  Observer (Chrono Boost)  
  53  7:03  Gateway  
  53  7:15  Adept x4  
  61  7:27  Gateway  
  61  7:28  Gateway  
  61  7:31  Warp Prism (Chrono Boost), Gateway  
  61  7:36  Pylon x2  
  63  7:38  Pylon  
  63  7:41  Probe  
  64  7:46  Stalker x4  
  72  7:52  Protoss Ground Weapons Level 1 (Chrono Boost)  
  72  7:54  Probe  
  73  7:59  Blink (Chrono Boost)  
  73  8:07  Probe, Dark Shrine  
  73  8:08  Pylon  
  74  8:24  Probe  
  75  8:27  Pylon  
  75  8:33  Probe  
  76  8:36  Probe  
  77  8:43  Nexus  
  77  8:46  Pylon  
  77  8:47  Observer  
  77  8:50  Pylon  
  77  9:00  Adept  
  77  9:01  Adept x3  
  83  9:25  Probe  
  84  9:39  Nexus  
  84  9:44  Probe  
  84  9:46  Observer  
  84  9:52  Adept x4  
  91  9:53  Adept x3  
  91  9:54  Adept  
  101  10:10  Immortal (Chrono Boost)  
  105  10:17  Probe  
  105  10:18  Protoss Ground Weapons Level 2  
  106  10:30  Pylon  
  106  10:33  Pylon  
  106  10:36  Assimilator  
  106  10:37  Assimilator  
  106  10:52  Adept x4  
  106  10:53  Adept x2  
  106  10:54  Adept  
  106  11:12  Probe  
  106  11:13  Probe  
  106  11:14  Probe  
  106  11:16  Probe  
  110  11:18  Assimilator  
  110  11:23  Assimilator  
  110  11:28  Probe  
  110  11:29  Probe x3  
  110  11:30  Stargate  
  114  11:35  Stargate  
  114  11:37  Stargate, Stalker  
  114  11:38  Stalker x2  
  114  11:39  Probe  
  121  11:47  Dark Templar  
  123  11:56  Probe  
  123  11:59  Probe  
  125  12:05  Immortal (Chrono Boost)  
  125  12:07  Probe  
  129  12:09  Probe  
  129  12:15  Probe  
  131  12:16  Probe  
  133  12:29  Pylon  
  133  12:31  Pylon  
  133  12:33  Pylon  
  133  12:37  Fleet Beacon  
  133  12:39  Photon Cannon  
  133  12:43  Photon Cannon  
  133  12:55  Photon Cannon  
  133  12:56  Zealot  
  135  12:58  Photon Cannon  
  135  13:02  Resonating Glaives  
  135  13:08  Protoss Shields Level 1 (Chrono Boost)  
  135  13:11  Phoenix x2 (Chrono Boost)  
  135  13:12  Photon Cannon  
  141  13:14  Photon Cannon  
  141  13:15  Phoenix (Chrono Boost), Probe x2  
  143  13:34  Dark Templar  
  139  13:58  Tempest x2 (Chrono Boost)  
  139  14:02  Tempest (Chrono Boost)  
  151  14:05  Probe x2  
  153  14:19  Nexus  
  153  14:22  Assimilator  
  153  14:25  Assimilator  
  153  14:29  Pylon  
  153  14:31  Pylon, Dark Templar  
  155  14:33  Dark Templar  
  157  14:45  Pylon  
  157  14:50  Nexus  
  157  14:51  Probe x2  
  159  14:52  Tempest (Chrono Boost)  
  159  14:55  Assimilator  
  159  14:57  Assimilator, Tempest x2 (Chrono Boost)  
  171  15:00  Pylon  
  171  15:01  Anion Pulse-Crystals (Chrono Boost)  
  171  15:03  Pylon  
  171  15:05  Stalker x2  
  171  15:06  Stalker  
  166  15:35  Phoenix  
  166  15:39  Phoenix  
  166  15:42  Stalker x3  
  165  15:43  Stalker x5  
  165  15:44  Stalker  
  178  16:09  Stalker  
  178  16:10  Stalker x3  
  167  16:25  Stalker  
  161  16:53  Dark Templar  
  161  16:54  Dark Templar  
  165  16:55  Dark Templar  
  165  16:56  Dark Templar  
  165  16:58  Probe x2  
  165  16:59  Probe  
  165  17:01  Probe  
  173  17:14  Probe x2  
  175  17:17  Tempest (Chrono Boost)  
  175  17:21  Protoss Air Weapons Level 1 (Chrono Boost)  
  177  17:32  Stalker x3  
  181  17:49  Phoenix x2 (Chrono Boost)  
  185  17:53  Stalker  
  185  17:54  Stalker x3  
  171  18:30  Stalker x6  
  171  18:31  Stalker x3  
  197  18:41  Tempest (Chrono Boost)  
  197  18:42  Tempest (Chrono Boost)  
  197  19:00  Observer  
  198  19:11  Protoss Air Armor Level 1 (Chrono Boost)  
  198  19:18  Observer  
  199  19:37  Observer  
  200  20:02  Protoss Ground Armor Level 1 (Chrono Boost)  
  130  20:40  Stalker  
  130  20:41  Stalker x3  
  130  20:42  Stalker x5  
  144  21:03  Probe  
  140  21:04  Protoss Air Weapons Level 2, Probe x2  
  140  21:05  Probe  
  144  21:15  Stalker  
  144  21:16  Stalker x2  
  144  21:17  Stalker x2  
  146  21:43  Protoss Shields Level 2 (Chrono Boost)  
  138  22:05  Zealot x2  
  138  22:06  Zealot x7  
  154  22:42  Charge (Chrono Boost)  
  154  22:52  Pylon  
  154  22:54  Pylon  
  154  22:56  Pylon  
  154  22:57  Pylon  
  154  23:01  Pylon  
  154  23:02  Templar Archives  
  154  23:03  Pylon  
  154  23:04  Gateway  
  154  23:05  Pylon, Phoenix  
  154  23:06  Phoenix, Gateway  
  154  23:09  Phoenix  
  154  23:10  Gateway  
  160  23:15  Gateway  
  160  23:16  Stalker x4  
  160  23:17  Stalker x5  
  166  23:34  Observer  
  167  24:08  Dark Templar  
  169  24:19  Psionic Storm  
  169  24:26  Nexus  
  169  24:34  High Templar x3  
  169  24:35  High Templar x4  
  169  24:38  Nexus  
  183  25:05  Archon x3  
  181  25:24  Protoss Shields Level 3 (Chrono Boost)  
  181  25:29  High Templar  
  175  26:09  Assimilator  
  175  26:14  Assimilator  
  175  26:16  Phoenix  
  175  26:19  Phoenix x2  
  181  26:51  Nexus  
  181  26:52  Pylon, Assimilator  
  181  26:56  Assimilator  
  181  27:00  Pylon  
  181  27:47  Stalker x6  
  181  27:48  Stalker x3  
  187  30:25  Adept x5  
  187  30:26  Adept x3  
  181  31:07  Adept x2  
  181  31:08  Adept x4  
  181  31:09  Adept x4  
  197  31:34  Stalker x3  
  197  31:35  Observer, Stalker  
  188  31:52  Robotics Bay  
  188  31:53  Pylon  
  188  31:55  Pylon  
  188  31:58  Pylon x2  
  187  32:24  Pylon  
  187  32:25  Pylon  
  187  32:27  Pylon  
  187  32:29  Pylon  
  187  32:30  Pylon  
  187  32:31  Pylon  
  187  32:33  Pylon  
  187  32:36  Pylon  
  172  34:12  Adept x2  
  172  34:13  Adept x7  
  172  34:14  Adept x3  
  196  34:20  Gateway x2  
  196  34:23  Gateway  
  196  34:25  Gateway  
  196  34:26  Gateway  
  196  34:29  Gateway  
  196  34:31  Gateway  
  192  34:39  Pylon  
  192  34:41  Pylon  
  192  34:43  Pylon  
  174  34:47  Pylon  
  174  34:50  Pylon  
  174  34:52  Pylon x2  
  150  35:32  Stalker x6  
  150  35:33  Stalker x5  
  170  35:46  Observer  
  151  36:06  Observer  
  151  36:11  High Templar x3  
  151  36:12  High Templar x6  
  151  36:13  High Templar x3  
  173  36:26  Phoenix x3  
  179  36:49  Stalker  
  179  36:50  Stalker x5  
  179  36:51  Stalker x3  
Show
View Real Time Build Order
Export as new Build Order

Boylan Terran 

Build Orders: Command Center First (CC) 

Get SALT Encoding   

  12  0:01  SCV  
  13  0:13  SCV  
  14  0:17  Supply Depot  
  14  0:41  SCV  
  15  0:56  Command Center  
  15  0:59  SCV  
  16  1:12  Barracks  
  16  1:14  SCV  
  17  1:21  Refinery  
  17  1:27  Refinery  
  17  1:29  SCV  
  18  1:51  SCV, Engineering Bay  
  19  2:03  SCV  
  20  2:17  SCV  
  20  2:18  SCV  
  20  2:20  Barracks Tech Lab  
  22  2:29  SCV  
  22  2:30  Planetary Fortress  
  22  2:39  Marauder  
  24  2:46  SCV  
  24  2:59  Factory  
  24  3:00  Marauder  
  26  3:11  SCV x2  
  28  3:45  Factory Tech Lab  
  28  3:48  Factory  
  28  3:51  Command Center  
  28  3:55  SCV x2  
  30  4:05  Siege Tank  
  30  4:07  SCV  
  34  4:10  SCV  
  35  4:22  Armory  
  36  4:31  Orbital Command  
  35  4:32  SCV  
  35  4:34  Factory Reactor  
  36  4:44  SCV  
  36  4:45  Hi-Sec Auto Tracking  
  37  5:02  Supply Depot  
  37  5:03  Marauder  
  39  5:07  Supply Depot  
  39  5:11  Starport  
  39  5:19  Armory  
  39  5:20  SCV  
  40  5:24  Marauder  
  40  5:27  Refinery  
  40  5:40  SCV x3  
  43  5:42  Terran Infantry Weapons Level 1  
  43  5:47  Widow Mine  
  45  5:51  Widow Mine  
  45  5:52  SCV x2  
  45  5:53  Starport Reactor  
  49  6:00  Refinery  
  49  6:08  Siege Tank  
  52  6:34  Liberator x2  
  52  6:40  SCV x3  
  55  6:52  SCV x3  
  64  7:06  Command Center  
  63  7:09  Planetary Fortress  
  62  7:19  SCV  
  62  7:20  SCV  
  64  7:24  Liberator  
  64  7:29  Terran Vehicle And Ship Armor Level 1  
  64  7:30  Terran Ship Weapons Level 1  
  67  7:45  SCV x2  
  69  8:05  Supply Depot  
  69  8:06  Supply Depot  
  69  8:10  Missile Turret  
  69  8:18  SCV x3  
  72  8:29  Missile Turret  
  72  8:30  SCV x3  
  72  8:34  Missile Turret  
  75  8:40  Fusion Core  
  75  8:42  SCV  
  75  8:43  Starport  
  75  8:45  Starport x2  
  76  8:49  Planetary Fortress  
  76  8:50  SCV, Missile Turret  
  76  8:51  SCV  
  76  8:54  SCV  
  76  8:55  Missile Turret  
  78  9:03  SCV  
  78  9:04  Refinery, Liberator x2  
  78  9:05  Refinery  
  79  9:13  SCV, Missile Turret  
  79  9:14  Missile Turret  
  86  9:25  Starport Tech Lab x2  
  86  9:26  Starport Reactor  
  86  9:36  SCV x2  
  86  9:37  SCV x2, Refinery, Starport  
  90  9:38  Starport, Liberator  
  90  9:39  Liberator  
  90  9:47  Missile Turret  
  90  9:48  SCV x2  
  90  9:49  SCV x2  
  94  9:56  Refinery  
  100  10:11  Supply Depot  
  100  10:14  Supply Depot  
  100  10:16  Terran Vehicle And Ship Armor Level 2  
  100  10:17  Terran Ship Weapons Level 2  
  100  10:33  SCV x4  
  100  10:35  Supply Depot  
  104  10:38  Supply Depot  
  104  10:45  SCV  
  105  10:51  SCV  
  105  10:52  SCV x2  
  108  10:57  SCV  
  106  11:24  Missile Turret  
  106  11:30  Missile Turret  
  106  11:33  Missile Turret  
  106  11:45  Liberator x3  
  106  11:46  Liberator x3  
  106  11:48  Starport Reactor, Starport Tech Lab  
  106  11:50  Cloaking Field  
  106  11:52  Advanced Ballistics  
  106  11:54  Missile Turret  
  106  12:05  Starport  
  124  12:09  SCV x4  
  128  12:21  SCV  
  129  12:25  Liberator  
  132  12:49  Terran Ship Weapons Level 3, Terran Vehicle And Ship Armor Level 3  
  132  12:51  Missile Turret  
  132  12:53  Missile Turret  
  132  12:58  Supply Depot  
  132  13:00  Supply Depot  
  132  13:02  Supply Depot, Liberator x3  
  132  13:03  Supply Depot  
  132  13:05  Supply Depot, Liberator  
  140  13:22  Supply Depot  
  143  13:27  Missile Turret  
  143  13:28  Supply Depot  
  143  13:33  Missile Turret  
  139  14:30  Liberator x6  
  139  14:31  Liberator x3  
  164  15:13  Liberator x3  
  158  16:26  Banshee x3  
  158  17:08  Banshee  
  158  17:09  Banshee x2  
  158  17:12  Command Center  
  166  17:25  Command Center  
  166  17:51  Banshee x2  
  166  17:52  Banshee  
  169  18:13  Viking x3  
  169  18:14  Viking x3  
  160  18:34  Banshee x3  
  169  18:43  Viking x3  
  169  18:44  Viking  
  169  18:46  Hyperflight Rotors  
  177  18:52  Viking x2  
  181  19:13  Viking x3  
  181  19:14  Viking  
  189  19:17  Banshee x2  
  124  20:43  Banshee x2  
  124  20:44  Banshee  
  115  21:21  Liberator x4  
  115  21:22  Liberator x2  
  106  21:26  Banshee x3  
  111  22:04  Liberator x2  
  111  22:06  Planetary Fortress  
  111  22:08  Missile Turret  
  111  22:09  Banshee x3  
  120  22:18  Command Center  
  123  22:31  Missile Turret  
  123  22:33  Missile Turret  
  123  22:35  Missile Turret  
  117  22:37  Missile Turret  
  114  22:49  Missile Turret  
  114  22:52  Banshee x3  
  103  23:10  Missile Turret  
  103  23:34  Banshee  
  106  23:52  Command Center  
  105  24:00  Planetary Fortress  
  105  24:17  Command Center  
  105  24:18  Missile Turret  
  105  24:21  Missile Turret  
  105  24:25  Refinery  
  105  24:26  Refinery  
  105  24:42  Command Center  
  105  24:49  Missile Turret  
  105  24:54  Missile Turret  
  105  24:56  Missile Turret  
  105  24:59  Refinery  
  105  25:03  Missile Turret  
  105  25:08  Missile Turret  
  103  25:16  Refinery  
  60  26:11  Planetary Fortress  
  60  26:59  Command Center  
  60  27:13  SCV x2  
  62  27:25  SCV x2  
  64  27:55  SCV  
  64  27:56  SCV  
  66  28:08  SCV x2  
  66  28:12  Banshee x3  
  77  28:19  SCV  
  78  28:20  SCV  
  79  28:31  SCV  
  80  28:35  Planetary Fortress  
  80  28:54  Banshee  
  80  28:55  Banshee x2  
  89  28:57  SCV x2  
  91  29:09  SCV  
  93  29:10  SCV  
  93  29:13  SCV  
  94  29:22  SCV  
  96  29:27  Planetary Fortress  
  78  30:02  SCV x2  
  79  30:14  SCV  
  79  30:15  SCV  
  79  30:31  Banshee x3  
  88  30:37  SCV  
  88  30:38  SCV  
  86  31:00  SCV x3  
  81  31:12  SCV x3  
  81  31:13  Banshee  
  81  31:14  Banshee x2  
  81  31:16  Refinery  
  93  31:22  Missile Turret  
  90  31:38  SCV x2  
  90  31:39  SCV  
  93  31:50  SCV x2, Missile Turret  
  93  31:51  SCV  
  96  31:56  Banshee x2  
  96  31:57  Banshee  
  105  32:02  SCV  
  106  32:32  SCV x3  
  108  32:44  SCV  
  92  33:45  Refinery  
  65  34:52  Banshee x3  
  74  35:03  Viking  
  74  35:04  Viking x2  
  68  35:35  Banshee  
  45  36:36  Command Center  
Tags
 
Add a new tag
Caveats
  • Supply blocks, unpowered buildings, or Contaminate may cause inaccurate times.
  • Supply counts are checked every 10 seconds.